 Dungeon Sprint DCSS version 0.31-a0-940-gdaa99269f9 (webtiles) character file.

Game seed: 16857109080633115403

4188 sircluck the Grappler (level 10, -2/172 HPs)
             Began as a Troll Berserker on Oct 20, 2023.
             Was the Champion of Trog.
             Slain by a demonic crawler (7 damage)
             ... in the Dungeon (Sprint VII: "The Pits").
             The game lasted 00:01:49 (695 turns).

sircluck the Grappler (Troll Berserker)              Turns: 695, Time: 00:01:50

Health: -2/172     AC:  7    Str: 30    XL:     10   Next: 8%
Magic:  9/9        EV: 12    Int:  7    God:    Trog [******]
Gold:   0          SH:  0    Dex:  8    Spells: 9/9 levels left

rFire   . .          .
                       - Unarmed
rCold   . . .        (no shield)
rNeg    . . .        a - +0 animal skin
rPois   +            (helmet restricted)
rElec   .            (no cloak)
rCorr   .            (gloves unavailable)
SInv    .            (boots unavailable)
Will    .....        (no amulet) Stlth
                     k - +3 ring of protection
HPRegen 1.28/turn    (no ring)
MPRegen 0.11/turn

%: no teleportation
@: berserking, weakened, very quick
A: large, unfitting armour, claws 3, regeneration 1, shaggy fur 1, tough skin 1,
clever 1, poison resistance
a: Renounce Religion, Berserk, Trog's Hand, Brothers in Arms


You were in the Dungeon.
You worshipped Trog.
Trog was exalted by your worship.
You visited 1 branch

Inventory:

Armour
 a - a +0 animal skin (worn)
Jewellery
 k - a +3 ring of protection (left claw)
 l - a +3 ring of intelligence
Scrolls
 g - a scroll of blinking
 i - 2 scrolls of vulnerability
 j - a scroll of butterflies
Potions
 b - 8 potions of curing
 c - 10 potions of heal wounds
 d - 2 potions of haste
 e - 4 potions of magic
 f - 4 potions of berserk rage
 h - 2 potions of invisibility


   Skills:
 + Level 12.0 Fighting
 + Level 11.9 Dodging
 + Level 14.0 Unarmed Combat


You had 9 spell levels left.
You didn't know any spells.
Your spell library was empty.

Dungeon Overview and Level Annotations

Branches:
Dungeon (1/1)

Altars:
Ashenzari
Cheibriados
Dithmenos
Elyvilon
Fedhas
Gozag
Hepliaklqana
Kikubaaqudgha
Makhleb
Nemelex Xobeh
Okawaru
Qazlal
Ru
Sif Muna
Trog
Uskayaw
Vehumet
Wu Jian
Xom
Yredelemnul
Zin
The Shining One
Jiyva
Lugonu


Innate Abilities, Weirdness & Mutations

You are too large for most types of armour.
You have claws for hands.
Your natural rate of healing is unusually fast.
You are covered in fur. (AC +1)
You have tough skin. (AC +1)
Your mind is acute. (Int +4, Str/Dex -1)
Your system is resistant to poisons. (rPois)


Message History

You scratch the demonic crawler but do no damage.
The demonic crawler closely misses you. x2; The demonic crawler hits you!
You scratch the demonic crawler.
The demonic crawler is lightly wounded.
The demonic crawler hits you but does no damage.
The demonic crawler barely misses you. The demonic crawler hits you!
You claw the demonic crawler!
The demonic crawler is lightly wounded.
The demonic crawler hits you! The demonic crawler misses you.
The demonic crawler hits you but does no damage.
You are too injured to fight recklessly!
You are too injured to fight recklessly!
You are too injured to fight recklessly!
A red film seems to cover your vision as you go berserk!
You feel yourself moving faster!
You feel mighty! The demonic crawler hits you! x2
* * * LOW HITPOINT WARNING * * *
The demonic crawler hits you.
* * * LOW HITPOINT WARNING * * *
You scratch the demonic crawler but do no damage.
The demonic crawler hits you.
* * * LOW HITPOINT WARNING * * *
The demonic crawler hits you.
* * * LOW HITPOINT WARNING * * *
The demonic crawler hits you!
* * * LOW HITPOINT WARNING * * *
Unknown command.
You mangle the demonic crawler!! You claw the demonic crawler!
The demonic crawler is severely wounded.
The demonic crawler barely misses you. The demonic crawler hits you!
* * * LOW HITPOINT WARNING * * *
The demonic crawler hits you but does no damage.
Unknown command.
You claw the demonic crawler!
The demonic crawler is severely wounded.
Unknown command.
You completely miss the demonic crawler.
Your claw misses the demonic crawler.
The demonic crawler is severely wounded.
The demonic crawler hits you!
You die...

..##.))..##....
..##.##..#.....
######...+....
#####....#....
[[##..#..##..# +
[[##.###..##.+ .#
))####.##..#)## ..#
))###..†)..'..####...##
))##....#..##.).@s....#
#######################


You could see a demonic crawler.

Vanquished Creatures
  2 two-headed ogres (D)
  A rust devil (D)
  A kobold demonologist (D)
  2 blink frogs (D)
  A jumping spider (D)
  A wraith (D)
  A basilisk (D)
  4 vampire mosquitoes (D)
  2 redbacks (D)
  A floating eye (D)
  2 centaurs (D)
  A necrophage (D)
  A small abomination (D)
  2 quasits (D)
  A jelly (D)
  An iguana (D)
  A river rat (D)
  An adder skeleton (D)
  An orc (D)
  A bat (D)
  An endoplasm (D)
  A giant cockroach (D)
  2 goblins (D)
  2 kobolds (D)
  2 ball pythons (D)
  2 ball python zombies (D)
  A rat (D)
39 creatures vanquished.

Vanquished Creatures (collateral kills)
  2 blink frogs (D)
  An orc (D)
3 creatures vanquished.

Grand Total: 42 creatures vanquished

Notes
Turn   | Place    | Note
-------+----------+-------------------------------------------
     0 | D        | sircluck the Troll Berserker began the quest for the Orb.
     0 | D        | Reached XP level 1. HP: 22/22 MP: 0/0
    20 | D        | Found a bloodstained altar of Trog.
    20 | D        | Found a shimmering blue altar of Sif Muna.
    20 | D        | Found a viscous altar of Jiyva.
    20 | D        | Found a hazy altar of Hepliaklqana.
    20 | D        | Found an opulent altar of Gozag.
    21 | D        | Found a glowing golden altar of the Shining One.
    21 | D        | Found a glowing silver altar of Zin.
    21 | D        | Found a basalt altar of Yredelemnul.
    21 | D        | Found a shimmering altar of Xom.
    21 | D        | Found an ornate altar of the Wu Jian Council.
    21 | D        | Found a sacrificial altar of Ru.
    21 | D        | Found a stormy altar of Qazlal.
    21 | D        | Found an iron altar of Okawaru.
    21 | D        | Found a sparkling altar of Nemelex Xobeh.
    21 | D        | Found a burning altar of Makhleb.
    21 | D        | Found a blossoming altar of Fedhas.
    21 | D        | Found a white marble altar of Elyvilon.
    21 | D        | Found a shadowy altar of Dithmenos.
    21 | D        | Found a snail-covered altar of Cheibriados.
    24 | D        | Found a corrupted altar of Lugonu.
    24 | D        | Found a radiant altar of Vehumet.
    25 | D        | Found an ancient bone altar of Kikubaaqudgha.
    25 | D        | Found a hide-covered altar of Uskayaw.
    25 | D        | Found a broken altar of Ashenzari.
    66 | D        | Reached XP level 2. HP: 29/31 MP: 1/1
    66 | D        | Reached ** piety under Trog
    72 | D        | Reached skill level 4 in Unarmed Combat
    88 | D        | Reached *** piety under Trog
   148 | D        | Noticed a centaur
   157 | D        | Reached skill level 5 in Unarmed Combat
   157 | D        | Reached XP level 3. HP: 34/39 MP: 2/2
   163 | D        | Killed a centaur
   163 | D        | Reached **** piety under Trog
   164 | D        | Reached skill level 5 in Fighting
   164 | D        | Reached skill level 5 in Dodging
   164 | D        | Reached skill level 6 in Unarmed Combat
   164 | D        | Reached XP level 4. HP: 35/50 MP: 3/3
   177 | D        | Noticed a necrophage
   181 | D        | Reached XP level 5. HP: 56/57 MP: 4/4
   191 | D        | Reached ***** piety under Trog
   192 | D        | Reached skill level 7 in Unarmed Combat
   206 | D        | Noticed a redback
   209 | D        | Killed a redback
   210 | D        | Reached skill level 8 in Unarmed Combat
   210 | D        | Reached XP level 6. HP: 54/71 MP: 5/5
   229 | D        | Noticed a floating eye
   230 | D        | Paralysed by a floating eye for 4 turns
   238 | D        | Received a gift from Trog
   239 | D        | Killed a floating eye
   240 | D        | Reached skill level 9 in Unarmed Combat
   240 | D        | Reached XP level 7. HP: 66/79 MP: 6/6
   258 | D        | Noticed a blink frog
   258 | D        | Noticed a rust devil
   258 | D        | Noticed a blink frog
   258 | D        | Noticed a blink frog
   258 | D        | Noticed a blink frog
   261 | D        | Killed a blink frog
   261 | D        | Killed a blink frog
   262 | D        | Reached skill level 10 in Unarmed Combat
   267 | D        | Killed a blink frog
   268 | D        | Reached XP level 8. HP: 62/92 MP: 7/7
   272 | D        | Killed a rust devil
   273 | D        | Reached skill level 11 in Unarmed Combat
   275 | D        | Killed a blink frog
   276 | D        | Reached skill level 10 in Fighting
   312 | D        | Gained mutation: Your mind is acute. (Int +4, Str/Dex -1)
                  | [potion of mutation]
   312 | D        | Gained mutation: Your system is resistant to poisons.
                  | (rPois) [potion of mutation]
   379 | D        | Noticed a jumping spider
   380 | D        | Noticed a two-headed ogre
   385 | D        | Killed a two-headed ogre
   386 | D        | Reached skill level 10 in Dodging
   386 | D        | Reached skill level 12 in Unarmed Combat
   386 | D        | Reached XP level 9. HP: 102/102 MP: 8/8
   553 | D        | Noticed a two-headed ogre
   555 | D        | Reached ****** piety under Trog
   556 | D        | Reached skill level 13 in Unarmed Combat
   556 | D        | Received a gift from Trog
   563 | D        | Killed a two-headed ogre
   635 | D        | Identified the +6 giant club "Fievvi" {heavy, rC+ rN+ SInv}
                  | (Trog gifted it to you in the Dungeon)
   635 | D        | Received a gift from Trog
   636 | D        | Reached XP level 10. HP: 68/115 MP: 9/9
   670 | D        | Noticed a rust devil
   671 | D        | Noticed an orange demon
   682 | D        | Reached skill level 14 in Unarmed Combat
   684 | D        | Noticed a demonic crawler
   693 | D        | HP: 3/172 [demonic crawler (16)]
   695 | D        | Slain by a demonic crawler

Illustrated notes

Levels and vault maps discovered:
D:        pitsprint [storerooms_1, entrance_room_1, metal_vault_7, armoury_2,
          mini_pit_1, grid_room_1, main_hall_1, silver_pit, the_coven_2,
          the_vestibule_1, steel_vault_4, golden_pit, hallway_of_sentries,
          crystal_vault_1, iron_vault_2, final_vault]

Skill      XL: |  1  2  3  4  5  6  7  8  9 10 |
---------------+-------------------------------+-----
Fighting       | 3 4 5 7 9 10 11 12 | 12.0
Dodging        | 3 4 5 7 9 10 11 | 11.9
Unarmed Combat | 5 6 8 9 10 12 13 14 | 14.0

Action                     |  1- 3 |  4- 6 |  7- 9 | 10-12 || total
---------------------------+-------+-------+-------+-------++-------
  Melee: Unarmed           |    34 |    23 |    58 |    18 ||   133
         Punch             |     1 |       |     3 |     1 ||     5
 Invoke: Brothers in Arms  |       |       |     1 |       ||     1
         Berserk           |       |       |     1 |     1 ||     2
    Use: Potion            |       |       |     1 |       ||     1
 Armour: Animal skin       |    31 |    13 |    39 |    26 ||   109
  Dodge: Dodged            |    19 |    17 |    24 |    11 ||    71

Table legend: (Time is in decaauts)
 A = Elapsed time spent in this place.
 B = Non-inter-level travel time spent in this place.
 C = Inter-level travel time spent in this place.
 D = Time resting spent in this place.
 E = Time spent auto-exploring this place.
 F = Levels seen in this place.
 G = Mean time per level.
                   A        B        C        D        E       F      G
               +--------+--------+--------+--------+--------+-----+--------+
         Total |    693 |    693 |      0 |    233 |    168 |   1 |  693.0 |
       Dungeon |    693 |    693 |      0 |    233 |    168 |   1 |  693.0 |
               +--------+--------+--------+--------+--------+-----+--------+

Top non-repeatable levels by time:
       D: 693 daAuts
